 Dungeon Crawl Stone Soup version 0.28-a0-445-g51f8dfeb47 (webtiles) character file.

Game seed: 2290250619093233465

1015 Majang the Chopper (level 8, -6/63 HPs)
             Began as a Formicid Cinder Acolyte on Sept 13, 2021.
             Was an Initiate of Cheibriados.
             Mangled by a fire elemental (7 damage)
             ... created by the fiery vengeance of Ignis
             ... on level 6 of the Dungeon.
             The game lasted 00:18:35 (6313 turns).

Majang the Chopper (Formicid Cinder Acolyte)        Turns: 6313, Time: 00:18:37

Health: -6/63      AC:  8    Str: 22    XL:     8   Next: 45%
Magic:  9/9        EV:  8    Int: 15    God:    Cheibriados [......]
Gold:   77         SH:  8    Dex:  7    Spells: 9/9 levels left

rFire   . . .      SeeInvis +   a - -1 hand axe (flame)
rCold   . . .      Faith    .   n - +1 kite shield
rNeg    . . .      Spirit   .   h - +0 scale mail
rPois   +          Reflect  .   (helmet unavailable)
rElec   .          Harm     .   (no cloak)
rCorr   .          Rampage  .   (no gloves)
Will    .....                   e - +1 pair of boots
Stlth   +.........              m - amulet of the acrobat
HPRegen 0.20/turn               r - ring of protection from fire
MPRegen 0.11/turn               k - ring of poison resistance

@: fire susceptible, very slow
A: permanent stasis, dig shafts and tunnels, antennae 3, four strong arms
a: Dig, Shaft Self, Renounce Religion, Bend Time


You were on level 6 of the Dungeon.
You worshipped Cheibriados.
Cheibriados was noncommittal.
You visited 1 branch of the dungeon, and saw 6 of its levels.

You collected 122 gold pieces.
You spent 45 gold pieces at shops.

Inventory:

Hand Weapons
 a - a -1 hand axe of flaming (weapon)
Missiles
 j - 6 javelins (quivered)
 l - a throwing net
Armour
 e - a +1 pair of boots (worn)
 h - a +0 scale mail (worn)
 n - a +1 kite shield (worn)
Jewellery
 c - a +6 ring of intelligence
 k - a ring of poison resistance (right hand)
 m - an amulet of the acrobat (around neck)
 r - a ring of protection from fire (left hand)
Wands
 p - a wand of iceblast (2)
 q - a wand of flame (20)
Scrolls
 f - a scroll of identify
 g - a scroll of immolation
 s - a scroll of amnesia {unknown}
 t - a scroll of brand weapon {unknown}
Potions
 b - 3 potions of curing
 d - 2 potions of ambrosia
 i - a potion of brilliance
 o - 2 potions of heal wounds


   Skills:
 + Level 5.4 Fighting
 * Level 6.3 Axes
 + Level 2.2 Throwing
 + Level 2.6 Armour
 + Level 2.2 Dodging
 + Level 3.2 Stealth
 + Level 2.9 Shields
 - Level 1.1 Spellcasting
 - Level 3.0 Fire Magic
 + Level 1.3 Evocations


You had 9 spell levels left.
You didn't know any spells.
Your spell library contained the following spells:

 Spells                   Type           Power      Damage    Failure   Level
 Scorch                   Fire           18%        2d6       71%         2
 Sandblast                Erth           0%         2d4       93%         1
 Shock                    Conj/Air       0%         1d3       93%         1
 Passwall                 Tmut/Erth      0%         N/A       98%         2
 Sublimation of Blood     Necr           0%         N/A       98%         2
 Conjure Flame            Conj/Fire      5%         6-21      98%         3
 Ignite Poison            Fire/Tmut/Pois 3%         N/A       99%         3
 Gell's Gravitas          Tloc           0%         N/A       100%        3
 Lesser Beckoning         Tloc           0%         N/A       100%        3
 Stone Arrow              Conj/Erth      0%         3d7       100%        3
 Teleport Other           Tloc           0%         N/A       100%        3
 Airstrike                Air            0%         N/A       100%        4
 Petrify                  Tmut/Erth      0%         N/A       100%        4
 Sticky Flame             Conj/Fire      5%         2d3       100%        4
 Irradiate                Conj/Tmut      0%         3d13      100%        5
 Swiftness                Air            Unusable   N/A       N/A         3

Dungeon Overview and Level Annotations

Branches:
Dungeon (6/15)
 Temple: D:4-7

Altars:
Cheibriados

Shops:
D:2 =[


Innate Abilities, Weirdness & Mutations

You cannot be hasted, slowed, berserked, paralysed or teleported.
You can dig through walls and to a lower floor.
You have a pair of large antennae on your head. (SInv)
Your four strong arms can wield two-handed weapons with a shield.


Message History

You hit the sky beast. You burn the sky beast.
The sky beast is severely wounded.
The sky beast closely misses you.
You hit the sky beast but do no damage.
The sky beast is severely wounded.
You block the sky beast's attack. "Burn!
Burn until nothing is left!" 3 fire elementals come into view.
You closely miss the sky beast.
The sky beast is severely wounded.
You closely miss the fire elemental. You hit the fire elemental.
You block the sky beast's attack.
You barely miss the sky beast.
The sky beast is severely wounded.
You barely miss the fire elemental. You closely miss the fire elemental.
The sky beast closely misses you. The fire elemental barely misses you.
The fire elemental hits you. The fire elemental burns you!
The sky beast closely misses you.
You miss the sky beast.
The sky beast is severely wounded.
You hit the fire elemental. x2; You block the fire elemental's attack.
The fire elemental hits you. The fire elemental burns you!
The sky beast hits you but does no damage.
The fire elemental closely misses you. The fire elemental hits you.
The fire elemental burns you!
You slash the sky beast! You burn the sky beast.
You kill the sky beast!
Cheibriados thoroughly appreciates the change of pace.
You hit the fire elemental but do no damage. x2
You block the fire elemental's attack. The fire elemental hits you.
The fire elemental burns you!
* * * LOW HITPOINT WARNING * * *
Okay, then.
You slash the fire elemental!
The fire elemental is heavily damaged.
You completely miss the fire elemental. The fire elemental hits you.
The fire elemental burns you!
* * * LOW HITPOINT WARNING * * *
The fire elemental hits you. The fire elemental burns you!
You die...

############
#.@EE......#
#<....E########.#
#.##### #.# #.#
#.# # #.# .#
#.##.## #.#...##.
#######......<#


You could see 3 fire elementals.

Vanquished Creatures
  Grinder (D:3)
  A sky beast (D:6)
  An ogre (D:6)
  2 phantoms
  2 hounds (D:5)
  A centaur skeleton (D:5)
  A jelly (D:5)
  Ijyb (D:5)
  4 iguanas
  Natasha (D:3)
  6 gnolls
  5 adders
  A shadow imp (D:5)
  3 worms
  4 dart slugs
  5 orcs
  9 endoplasms
  4 giant cockroaches
  10 goblins
  5 hobgoblins
  14 jackals
  2 quokkas
  7 ball pythons
  5 bats
  5 frilled lizards
  4 kobolds
  A quokka skeleton (D:3)
  A rat (D:2)
106 creatures vanquished.

Vanquished Creatures (others)
  55 foxfires
55 creatures vanquished.

Grand Total: 161 creatures vanquished

Notes
Turn   | Place    | Note
-------+----------+-------------------------------------------
     0 | D:1      | Majang the Formicid Cinder Acolyte began the quest for the
                  | Orb.
     0 | D:1      | Reached XP level 1. HP: 18/18 MP: 2/2
   190 | D:1      | Reached XP level 2. HP: 24/24 MP: 3/3
   466 | D:1      | Reached XP level 3. HP: 23/30 MP: 4/4
  1243 | D:2      | Reached skill level 4 in Axes
  1271 | D:2      | Found a faded altar of an unknown god.
  1570 | D:2      | Found Hice's Armour Shop.
  1612 | D:2      | Reached XP level 4. HP: 37/37 MP: 5/5
  2241 | D:2      | Reached XP level 5. HP: 27/42 MP: 6/6
  2412 | D:2      | Found Hiwaok's Jewellery Shoppe.
  2483 | D:2      | Bought a +0 kite shield for 45 gold pieces
  2975 | D:3      | Noticed Natasha
  2998 | D:3      | Killed Natasha
  2999 | D:3      | Reached skill level 5 in Axes
  3145 | D:3      | Noticed Grinder
  3163 | D:3      | Killed Grinder
  3164 | D:3      | Reached skill level 1 in Throwing
  3164 | D:3      | Reached skill level 1 in Armour
  3164 | D:3      | Reached skill level 1 in Dodging
  3164 | D:3      | Reached skill level 1 in Stealth
  3164 | D:3      | Reached skill level 1 in Shields
  3164 | D:3      | Reached XP level 6. HP: 31/49 MP: 7/7
  3639 | D:3      | Reached XP level 7. HP: 49/55 MP: 8/8
  5293 | D:4      | Reached skill level 5 in Fighting
  5751 | D:5      | Entered Level 5 of the Dungeon
  5989 | D:5      | Found a snail-covered altar of Cheibriados.
  6004 | D:5      | Fell from the grace of Ignis
  6004 | D:5      | Became a worshipper of Cheibriados the Contemplative
  6015 | D:5      | Noticed Ijyb
  6022 | D:5      | Killed Ijyb
  6023 | D:5      | Reached XP level 8. HP: 62/62 MP: 9/9
  6218 | D:5      | Reached skill level 6 in Axes
  6255 | D:5      | You fall into a shaft and drop 1 floor!
  6276 | D:6      | Reached skill level 1 in Evocations
  6309 | D:6      | Noticed a fire elemental
  6309 | D:6      | Noticed a fire elemental
  6309 | D:6      | Noticed a fire elemental
  6313 | D:6      | HP: 1/63 [fire elemental[the fiery vengeance of Ignis]
                  | (11)]
  6313 | D:6      | Mangled by a fire elemental

Illustrated notes

Levels and vault maps discovered:
D:1:      dpeg_arrival_houses_and_road, layout_rooms, grunt_decor_one_mirror
D:2:      layout_loops_corners, shapermc_ecumenical_altar_starsandcircs,
          serial_shops, shop, nicolae_shop_crystal
D:3:      layout_basic, grunt_ministairs_15, uniq_grinder, uniq_natasha
D:4:      layout_layer_cave
D:5:      layout_gridville, slow_altar_2, uniq_crazy_yiuf_cottage, uniq_ijyb
D:6:      layout_loops_ring, temple_hall, portal_sewer_entry_f,
          uniq_blork_the_orc

Skill      XL: |  1  2  3  4  5  6  7  8 |
---------------+-------------------------+-----
Axes           | 4 5 6 |  6.3
Fighting       | 4 5 |  5.4
Throwing       | 1 2 |  2.2
Armour         | 1 2 |  2.6
Dodging        | 1 2 |  2.2
Stealth        | 1 2 3 |  3.2
Shields        | 1 2 |  2.9
Evocations     | 1 |  1.3
Spellcasting   | |  1.1
Fire Magic     | |  3.0

Action                   |  1- 3 |  4- 6 |  7- 9 || total
-------------------------+-------+-------+-------++-------
Melee: Hand axe          |   100 |   140 |   161 ||   401
Throw: Javelin           |       |    10 |     7 ||    17
Invok: Sea of Fire       |       |     1 |       ||     1
       Foxfire Swarm     |       |       |     3 ||     3
 Abil: Dig               |     2 |     3 |     2 ||     7
Evoke: Wand              |       |       |     3 ||     3
  Use: Potion            |       |     1 |       ||     1
       Scroll            |       |       |     9 ||     9
Armor: Robe              |    27 |       |       ||    27
       Scale mail        |     5 |    76 |    68 ||   149
Dodge: Dodged            |    62 |    45 |    52 ||   159
Block: Kite shield       |       |    18 |    49 ||    67

Table legend: (Time is in decaauts)
 A = Elapsed time spent in this place.
 B = Non-inter-level travel time spent in this place.
 C = Inter-level travel time spent in this place.
 D = Time resting spent in this place.
 E = Time spent auto-exploring this place.
 F = Levels seen in this place.
 G = Mean time per level.
                   A        B        C        D        E       F      G
               +--------+--------+--------+--------+--------+-----+--------+
         Total |   6443 |   6319 |    124 |   1865 |   3203 |   6 | 1073.8 |
       Dungeon |   6443 |   6319 |    124 |   1865 |   3203 |   6 | 1073.8 |
               +--------+--------+--------+--------+--------+-----+--------+

Top non-repeatable levels by time:
     D:4: 1847 daAuts
     D:2: 1473 daAuts
     D:3: 1343 daAuts
     D:1: 1245 daAuts
     D:5: 461 daAuts
     D:6: 72 daAuts
